 Dungeon Crawl Stone Soup version 0.30-a0-1094-g860fb061e7 (webtiles) character file.

Game seed: 12608542908788313937

151817 Arzdou the Executioner (level 17, -2/165 HPs)
             Began as a Minotaur Berserker on Apr 17, 2023.
             Was a High Priest of Trog.
             Slain by a redback (16 damage)
             ... on level 2 of the Spider Nest.
             The game lasted 01:15:09 (30430 turns).

Arzdou the Executioner (Minotaur Berserker)        Turns: 30430, Time: 01:15:09

Health: -2/165     AC: 24    Str: 27 (29) XL:     17   Next: 1%
Magic:  3/5        EV: 15    Int:  5 (7)  God:    Trog [*****.]
Gold:   459        SH: 13    Dex: 14      Spells: 16/16 levels left

rFire   . . .      SeeInvis .    y - +3 broad axe (antimagic)
rCold   + + .      Faith    +    u - +1 kite shield {AC+3}
rNeg    . . .      Spirit   .    A - +3 plate armour {rC+}
rPois   +          Reflect  .    U - +0 hat of the Countless Ships {Contam rElec rCorr Int+3}
rElec   +          Rampage  .    W - scarf {repulsion}
rCorr   +                        G - +0 pair of gloves {Dex+3}
Will    ++...                    (no boots) Stlth
                                 B - amulet of Ifedoiq {Faith rC+ Will+ Regen+}
HPRegen 1.27/turn                v - +5 ring of evasion
MPRegen 0.09/turn                r - ring of poison resistance

@: about to teleport, on berserk cooldown, slowed, repel missiles, very slow
A: horns 2, retaliatory headbutt
a: Renounce Religion, Berserk, Trog's Hand, Brothers in Arms


You were on level 2 of the Spider Nest.
You worshipped Trog.
Trog was extremely pleased with you.
You visited 6 branches of the dungeon, and saw 27 of its levels.
You also visited: Gauntlet.

You collected 2446 gold pieces.
You spent 1987 gold pieces at shops.

Inventory:

Hand Weapons
 h - a +1 war axe of flaming
 y - a +3 antimagic broad axe (weapon)
 P - a +4 antimagic battleaxe
Missiles
 z - 6 throwing nets (quivered)
Armour
 u - a +1 kite shield of protection (worn)
 A - a +3 plate armour of cold resistance (worn)
 G - a +0 pair of gloves of dexterity (worn)
 U - the +0 hat of the Countless Ships (worn) {Contam rElec rCorr Int+3}
   (You found it in a Gauntlet)

   Int:       It affects your intelligence (+3).
   rElec:     It insulates you from electricity.
   Contam:    It causes magical contamination when unequipped.
   rCorr:     It protects you from acid and corrosion.
 W - a scarf of repulsion (worn)
Jewellery
 r - a ring of poison resistance (right hand)
 v - a +5 ring of evasion (left hand)
 B - the amulet of Ifedoiq (around neck) {Faith rC+ Will+ Regen+}
   (You bought it in a shop on level 10 of the Dungeon)

   [amulet of faith]

   It allows you to gain divine favour quickly.
   rC:        It protects you from cold.
   Regen:     It increases your rate of health regeneration.
   Will:      It increases your willpower.
 D - an amulet of reflection
 F - an amulet of the acrobat
 N - a ring of protection from cold
 T - the amulet "Jofauf" {Faith Dex+4}
   (You found it in a Gauntlet)

   [amulet of faith]

   It allows you to gain divine favour quickly.
   Dex:       It affects your dexterity (+4).
Wands
 b - a wand of paralysis (13)
 d - a wand of polymorph (9)
 j - a wand of digging (11)
 w - a wand of roots (15)
 J - a wand of flame (43)
 M - a wand of mindburst (12)
 S - a wand of acid (23)
Scrolls
 e - 4 scrolls of fear
 f - 6 scrolls of poison
 l - 6 scrolls of teleportation
 m - 3 scrolls of enchant armour
 o - 4 scrolls of immolation
 t - 4 scrolls of fog
 x - a scroll of identify
 C - 3 scrolls of blinking
 I - a scroll of brand weapon {unknown}
 K - 11 scrolls of amnesia
 Q - 2 scrolls of vulnerability
 R - 4 scrolls of enchant weapon
 V - a scroll of magic mapping
 X - 2 scrolls of butterflies
Potions
 a - 3 potions of ambrosia
 c - 4 potions of curing
 g - 4 potions of lignification
 i - 4 potions of attraction
 k - 7 potions of might
 n - 3 potions of invisibility
 p - 4 potions of cancellation
 q - 2 potions of resistance
 s - 3 potions of mutation
 E - 4 potions of flight
 H - 2 potions of brilliance


   Skills:
 * Level 18.2 Fighting
 + Level 23.3 Axes
 + Level 0.7(15.4) Maces & Flails
 + Level 15.7 Armour
 + Level 6.5 Dodging
 + Level 2.1 Stealth
 * Level 12.1 Shields
 + Level 0.1 Unarmed Combat
 * Level 6.6 Evocations


You had 16 spell levels left.
You didn't know any spells.
Your spell library was empty.

Dungeon Overview and Level Annotations

Branches:
Dungeon (15/15)            Temple (0/1) D:4            Lair (5/5) D:9
 Shoals (1/4) Lair:2       Spider (3/4) Lair:3        Slime (1/5) Lair:4
    Orc (2/2) D:12            Elf (0/3) Orc:2        Vaults (0/5) D:13
 Depths (0/4) D:15        Gauntlet (visited)

Altars:
Ashenzari
Elyvilon
Hepliaklqana
Kikubaaqudgha
Sif Muna
Xom
Zin

Shops:
D:3 :   D:6 (   D:7 [   D:10 [==[*   D:11 (*   Orc:2 =*([:

Portals:
Trove: D:13 (give 20 potions of curing)

Annotations:
D:13 1 transporter
Lair:3 exclusion: orange crystal statue
Spider:3 Bai Suzhen
Orc:1 2 transporters, microfolk's ghost, journeyman KoBe


Innate Abilities, Weirdness & Mutations

You have a pair of horns on your head.
You reflexively headbutt those who attack you in melee.


Message History

The redback poisons you! The redback closely misses you.
The culicivora bites you!!
* * * LOW HITPOINT WARNING * * *
The culicivora draws strength from your injuries!
Okay, then.
As you read the scroll of teleportation, it crumbles to dust.
You feel strangely unstable.
* * * LOW HITPOINT WARNING * * *
You feel extremely sick. The redback bites you.
* * * LOW HITPOINT WARNING * * *
The redback misses you.
The culicivora bites you but does no damage.
You block the redback's attack. The jumping spider barely misses you.
The jumping spider closely misses you.
The culicivora is healed somewhat.
You block the redback's attack.
The culicivora bites you but does no damage.
The redback bites you but does no damage.
The jumping spider pounces on you!
* * * LOW HITPOINT WARNING * * *
The jumping spider misses you.
The moth of wrath angrily waves its antennae.
The moth of wrath goads the demonic crawler on!
The demonic crawler goes berserk!
The moth of wrath goads the jumping spider on!
The jumping spider goes berserk!
The moth of wrath goads the culicivora on!
The culicivora goes berserk!
The redback barely misses you. The culicivora barely misses you.
The redback closely misses you. You furiously retaliate!
You headbutt the redback!
The jumping spider pounces on you but does no damage.
The jumping spider bites you but does no damage.
The culicivora rages.
Okay, then.
You feel better. The redback closely misses you.
You block the culicivora's attack. You block the redback's attack.
The jumping spider misses you.
The jumping spider completely misses you.
The redback bites you!
You die...

.........#.......................
...#...................s.........
.........#..#........s...........
..#......^......^....s.^..^......
"...^...............ss.........##
.#.........#.....^y.y...........
.................................
..<......#.#...ssss.#...^......
.†.......#...^.s@s..#.....^....
................).............?
#.......................#......
##......#....#..........#..#..B
#..^...#....#....#.....# .. s
##.##.....^......#.....# .#
####..............)...# #
##.............#^..#
####..†.#....^#.###


You could see a broodmother, a demonic crawler (berserk), 2 moths of wrath, 4
culicivoras, a jumping spider (summoned, berserk) and 4 redbacks.

Vanquished Creatures
  Gastronok (D:8)
  A fire giant (D:12)
  2 ghost moths
  3 emperor scorpions
  An orc warlord (Orc:2)
  A reaper (Gauntlet)
  A juggernaut skeleton (D:15)
  A spark wasp (Spider:1)
  A fire dragon (D:12)
  6 entropy weavers
  Erolcha (D:12)
  4 vault guards (D:12)
  A catoblepas (Lair:3)
  A hydra (Lair:5)
  2 jorogumos (Spider:1)
  Erica (D:10)
  An ogre mage (D:12)
  8 centaur warriors
  2 radroaches (Spider:1)
  2 boulder beetles
  4 two-headed ogres
  A vampire mage (D:15)
  An orc high priest (Orc:2)
  3 tengu warriors
  Urug (Orc:2)
  11 death yaks
  Amaemon (D:8)
  4 skeletal warriors
  2 skysharks
  6 pharaoh ants
  5 orb spiders
  5 orc knights
  Pikel (D:6)
  A wizard (D:14)
  A lindwurm (Lair:4)
  A necromancer (D:15)
  A fire giant zombie (D:15)
  4 orc sorcerers
  2 steelbarb worms
  3 deep elf pyromancers
  3 manticores
  A salamander (shapeshifter) (D:13)
  9 cyclopes
  20 ugly things
  11 wolf spiders
  A moth of wrath (Spider:2)
  Maurice (D:8)
  8 elephants (Lair:4)
  Joseph (D:8)
  20 slime creatures
  3 demonic crawlers
  3 black mambas (Lair:3)
  2 torpor snails
  3 gargoyles
  Psyche (D:8)
  An orange demon (D:8)
  4 unseen horrors
  8 cane toads
  9 komodo dragons
  2 yaktaurs
  A rime drake (Lair:3)
  7 kobold demonologists
  A freezing wraith (D:14)
  A guardian mummy (D:15)
  2 tengu conjurers (D:13)
  7 meliai
  A queen bee (D:12)
  A spriggan skeleton (D:15)
  6 trolls
  A meliai (shapeshifter) (D:12)
  7 hornets (Lair:5)
  19 tarantellas
  7 polar bears
  4 blink frogs (Lair:2)
  14 jumping spiders
  A water elemental (Lair:2)
  Sigmund (D:2)
  14 culicivoras
  10 spriggans (Lair:5)
  A shadow (D:11)
  An ettin skeleton (D:15)
  39 yaks
  Grum (D:10)
  A wraith (D:11)
  A vampire (D:14)
  2 wyverns
  6 basilisks
  8 vampire mosquitoes
  2 steam dragons
  Edmund (D:5)
  50 redbacks
  8 water moccasins
  2 acid dragons
  A warg (Orc:2)
  Duvessa (D:7)
  35 orc warriors
  4 black bears
  5 ice beasts
  A sky beast (D:7)
  2 ogres
  A tengu (shapeshifter) (D:12)
  22 centaurs
  37 wolves
  4 boggarts (Lair:5)
  4 lemures (D:6)
  Blork the orc (Orc:2)
  3 kobold brigands
  11 bullfrogs
  2 gnoll sergeants
  3 scorpions
  14 wights
  Dowan (D:7)
  33 killer bees
  6 electric eels
  9 howler monkeys
  5 jellies
  26 orc priests
  3 gnoll boudas
  A hound (D:6)
  3 sleepcaps
  18 iguanas
  35 orc wizards
  Robin (D:2)
  9 adders
  19 gnolls
  2 shadow imps
  3 worms
  5 dart slugs
  101 orcs
  4 ball pythons
  3 bats
  2 endoplasms (D:1)
  2 giant cockroaches
  13 goblins
  7 hobgoblins
  13 kobolds
  5 quokkas
  20 frilled lizards
  3 rats (D:2)
941 creatures vanquished.

Vanquished Creatures (collateral kills)
  An emperor scorpion (Spider:3)
  A ghost moth (Spider:1)
  A minotaur (Gauntlet)
  A hydra (Lair:2)
  A radroach (Spider:3)
  An orb spider (Spider:3)
  2 wolf spiders (Spider:3)
  An ugly thing (D:12)
  A torpor snail (Spider:3)
  A tarantella (Spider:2)
  A culicivora (Spider:2)
  A jumping spider (Spider:3)
  4 orc warriors (D:15)
  A kobold brigand (D:11)
  3 orc priests (D:15)
  9 orcs (D:15)
  A kobold (D:11)
31 creatures vanquished.

Vanquished Creatures (others)
  A centaur warrior (Shoals:1)
  An unseen horror (D:13)
  A slime creature (D:12)
  A culicivora (Spider:2)
  An orc priest (D:8)
  An orc wizard (Orc:2)
  An orc (D:8)
  A bush (Lair:4)
  29 fungi
  103 plants
  10 withered plants
150 creatures vanquished.

Grand Total: 1122 creatures vanquished

Notes
Turn   | Place    | Note
-------+----------+-------------------------------------------
     0 | D:1      | Arzdou the Minotaur Berserker began the quest for the Orb.
     0 | D:1      | Reached XP level 1. HP: 19/19 MP: 0/0
   160 | D:1      | Reached XP level 2. HP: 24/27 MP: 1/1
   207 | D:1      | Reached skill level 4 in Axes
   396 | D:1      | Found a faded altar of an unknown god.
   716 | D:2      | Noticed Robin
   718 | D:2      | Reached XP level 3. HP: 23/33 MP: 2/2
   726 | D:2      | Reached ** piety under Trog
   740 | D:2      | Killed Robin
   850 | D:2      | Noticed Sigmund
   866 | D:2      | Killed Sigmund
   867 | D:2      | Reached skill level 5 in Fighting
   867 | D:2      | Reached skill level 6 in Axes
   867 | D:2      | Reached XP level 4. HP: 42/42 MP: 3/3
   867 | D:2      | Reached XP level 5. HP: 48/48 MP: 4/4
  1280 | D:3      | Found Enaoheg's Vocational Training.
  1430 | D:3      | Found a hazy altar of Hepliaklqana.
  1467 | D:3      | Reached XP level 6. HP: 56/56 MP: 5/5
  2244 | D:4      | Found a staircase to the Ecumenical Temple.
  2249 | D:4      | Reached skill level 7 in Axes
  2294 | D:4      | Found a large runed translucent door.
  2295 | D:4      | Found a large runed translucent door.
  2348 | D:4      | Found an ancient bone altar of Kikubaaqudgha.
  2351 | D:4      | Found a broken altar of Ashenzari.
  2406 | D:4      | Found a white marble altar of Elyvilon.
  2650 | D:5      | Entered Level 5 of the Dungeon
  2656 | D:5      | Reached *** piety under Trog
  2665 | D:5      | Reached XP level 7. HP: 53/62 MP: 6/6
  2777 | D:5      | Reached skill level 8 in Axes
  3199 | D:5      | Noticed Edmund
  3213 | D:5      | Killed Edmund
  3214 | D:5      | Reached XP level 8. HP: 56/68 MP: 7/7
  3430 | D:6      | Found Fiokes's Antique Weapon Boutique.
  3439 | D:6      | Noticed Pikel
  3460 | D:6      | Killed Pikel
  3461 | D:6      | Reached skill level 10 in Axes
  3461 | D:6      | Reached skill level 5 in Armour
  3461 | D:6      | Reached skill level 1 in Shields
  3715 | D:6      | Reached skill level 11 in Axes
  3715 | D:6      | Reached XP level 9. HP: 78/78 MP: 8/8
  4003 | D:6      | Reached **** piety under Trog
  4335 | D:6      | Found a glowing silver altar of Zin.
  4516 | D:7      | Reached skill level 12 in Axes
  4613 | D:7      | Reached skill level 13 in Axes
  4649 | D:7      | Found Gebetz's Antique Armour Shop.
  4652 | D:7      | Bought a pair of glowing gloves for 225 gold pieces
  4896 | D:7      | Reached XP level 10. HP: 79/88 MP: 9/9
  5066 | D:7      | Noticed Duvessa
  5066 | D:7      | Noticed Dowan
  5072 | D:7      | Killed Duvessa
  5073 | D:7      | Reached skill level 5 in Dodging
  5078 | D:7      | Killed Dowan
  5426 | D:8      | Noticed Maurice
  5451 | D:8      | Killed Maurice
  5530 | D:8      | Noticed an orange demon
  5530 | D:8      | Noticed Amaemon
  5560 | D:8      | Killed Amaemon
  5561 | D:8      | Reached skill level 14 in Axes
  5565 | D:8      | Killed an orange demon
  5661 | D:8      | Noticed Joseph
  5679 | D:8      | Killed Joseph
  5756 | D:8      | Noticed Gastronok
  5786 | D:8      | Reached skill level 15 in Axes
  5809 | D:8      | Killed Gastronok
  5810 | D:8      | Reached XP level 11. HP: 31/97 MP: 10/10
  6040 | D:8      | Noticed Psyche
  6093 | D:8      | Killed Psyche
  6732 | D:9      | Found a staircase to the Lair.
  6898 | D:9      | Reached skill level 16 in Axes
  6903 | D:9      | Reached ***** piety under Trog
  7540 | D:9      | Received a gift from Trog
  7606 | D:9      | You fall into a shaft and drop 3 floors!
  7617 | D:11     | Found Potaenta's Assorted Antiques.
  7617 | D:11     | Found Pionodgh's Weapon Shop.
  7680 | D:11     | Noticed a two-headed ogre
  7698 | D:11     | Killed a two-headed ogre
  7905 | D:11     | Reached skill level 17 in Axes
  8282 | D:10     | Entered Level 10 of the Dungeon
  8475 | D:10     | Noticed Grum
  8478 | D:10     | Found Vuubuts's Jewellery Emporium.
  8481 | D:10     | Killed Grum
  8533 | D:10     | Found Zoawus's Jewellery Boutique.
  8595 | D:10     | Found Wogyphucw's Armour Boutique.
  8700 | D:10     | Found Apyllil's Antique Armour Boutique.
  8773 | D:10     | Reached skill level 10 in Fighting
  8849 | D:10     | Noticed Erica
  8869 | D:10     | Killed Erica
  8870 | D:10     | Reached skill level 1 in Stealth
  8999 | D:10     | Reached XP level 12. HP: 107/107 MP: 3/11
  9040 | D:10     | Found Ruaruott's Assorted Antiques.
  9186 | D:10     | Received a gift from Trog
  9844 | Lair:1   | Entered Level 1 of the Lair of Beasts
  9924 | Lair:1   | Reached skill level 18 in Axes
 10137 | Lair:1   | Reached skill level 10 in Armour
 11182 | Lair:2   | Found a gate leading to a gauntlet.
 11200 | Gauntlet | Entered a Gauntlet
 11200 | Gauntlet | Found a transporter.
 11203 | Gauntlet | Found a transporter.
 11204 | Gauntlet | Noticed a reaper
 11205 | Gauntlet | Found a transporter.
 11206 | Gauntlet | Found a transporter.
 11209 | Gauntlet | Found a transporter.
 11220 | Gauntlet | Noticed an entropy weaver
 11221 | Gauntlet | Found a transporter.
 11227 | Gauntlet | Found a transporter.
 11235 | Gauntlet | Found a transporter.
 11268 | Gauntlet | Noticed a catoblepas
 11271 | Gauntlet | Found a transporter.
 11294 | Gauntlet | Found a transporter.
 11298 | Gauntlet | Found a transporter.
 11299 | Gauntlet | Noticed a hell beast
 11306 | Gauntlet | Found a transporter.
 11495 | Gauntlet | Killed a reaper
 11496 | Gauntlet | Reached skill level 19 in Axes
 11529 | Gauntlet | Identified the amulet "Jofauf" {Faith Dex+4}
 11579 | Gauntlet | Killed an entropy weaver
 11752 | Gauntlet | Identified the +0 hat of the Countless Ships {Contam rElec
                  | rCorr Int+3}
 11793 | Gauntlet | Identified the +9 scimitar of Eternal War {distort, rF-
                  | Int+4 Dex-4 Stlth+}
 11793 | Gauntlet | Noticed a minotaur
 11800 | Gauntlet | Killed a minotaur
 11936 | Gauntlet | Identified the staff of death "Wore Cudd" {rPois rN+}
 11945 | Lair:2   | Noticed a death yak
 11946 | Lair:2   | Found a staircase to the Shoals.
 11960 | Lair:2   | Killed a death yak
 12581 | Lair:2   | Noticed a four-headed hydra
 12589 | Lair:2   | Killed a five-headed hydra
 12590 | Lair:2   | Reached skill level 20 in Axes
 12590 | Lair:2   | Reached XP level 13. HP: 84/116 MP: 4/12
 13679 | Lair:3   | Found a hole to the Spider Nest.
 13812 | Lair:3   | Found a shimmering altar of Xom.
 15304 | Lair:4   | Found a staircase to the Slime Pits.
 15917 | Slime:1  | Entered Level 1 of the Pits of Slime
 15917 | Slime:1  | Noticed an acid blob
 15917 | Slime:1  | Noticed an acid blob
 15965 | Lair:5   | Entered Level 5 of the Lair of Beasts
 15980 | Lair:4   | Reached skill level 21 in Axes
 17057 | Lair:5   | Paralysed by a hornet for 1 turns
 17086 | Lair:5   | Reached XP level 14. HP: 94/127 MP: 4/13
 18796 | D:12     | Reached skill level 22 in Axes
 18855 | D:12     | Noticed Erolcha
 18864 | D:12     | Received a gift from Trog
 19118 | D:12     | Reached skill level 1 in Evocations
 19214 | D:12     | Found a staircase to the Orcish Mines.
 19913 | D:12     | Killed Erolcha
 20136 | D:12     | Noticed a fire giant
 20177 | D:12     | Killed a fire giant
 20759 | Orc:1    | Entered Level 1 of the Orcish Mines
 21095 | Orc:1    | Found a transporter.
 21155 | Orc:1    | Found a transporter.
 21163 | Orc:1    | Noticed microfolk's ghost (journeyman KoBe)
 21342 | Orc:2    | Entered Level 2 of the Orcish Mines
 21355 | Orc:2    | Received a gift from Trog
 21365 | Orc:2    | Reached skill level 5 in Shields
 21578 | Orc:2    | Found Nimpusch's Book Emporium.
 21611 | Orc:2    | Noticed Blork the orc
 21629 | Orc:2    | Killed Blork the orc
 21759 | Orc:2    | Noticed an orc warlord
 21790 | Orc:2    | Killed an orc warlord
 21791 | Orc:2    | Reached skill level 15 in Fighting
 21791 | Orc:2    | Reached XP level 15. HP: 141/141 MP: 14/14
 21859 | Orc:2    | Noticed Urug
 21890 | Orc:2    | Killed Urug
 22387 | Orc:2    | Found a staircase to the Elven Halls.
 22527 | Orc:2    | Received a gift from Trog
 22541 | Orc:2    | Found Uhuery's Jewellery Shop.
 22584 | Orc:2    | Found Xiaddidy's General Store.
 22698 | Orc:2    | Found Giomuk's Antique Armour Shop.
 22713 | Orc:2    | Found Lamuifatz's Antique Weapon Shop.
 22852 | D:10     | Bought a bronze plate armour for 868 gold pieces
 22852 | D:10     | Identified the +0 plate armour "Tifaug" {Fly SInv} (You
                  | bought it in a shop on level 10 of the Dungeon)
 23416 | D:13     | Found a gate to the Vaults.
 23738 | D:13     | Found a transporter.
 23744 | D:13     | Found a shimmering blue altar of Sif Muna.
 23762 | D:13     | Identified the ring "Nomail Ytwu" {rElec EV+5 Dex+2 Stlth+}
 23966 | D:13     | Found a portal to a secret trove of treasure.
 24722 | D:14     | Received a gift from Trog
 25533 | D:15     | Entered Level 15 of the Dungeon
 25796 | D:15     | Reached skill level 5 in Evocations
 26185 | D:10     | Bought the amulet of Ifedoiq {Faith rC+ Will+ Regen+} for
                  | 894 gold pieces
 26348 | D:15     | Found a staircase to the Depths.
 26357 | D:15     | Reached ****** piety under Trog
 26586 | D:15     | Reached skill level 15 in Armour
 26586 | D:15     | Reached XP level 16. HP: 154/154 MP: 5/15
 26825 | D:15     | Received a gift from Trog
 27103 | Shoals:1 | Entered Level 1 of the Shoals
 27171 | Lair:2   | Reached skill level 23 in Axes
 27221 | Shoals:1 | HP: 4/154 [merfolk/+0 trident (7)]
 27354 | Spider:1 | Entered Level 1 of the Spider Nest
 28848 | Spider:1 | Reached skill level 10 in Shields
 29120 | Spider:2 | Received a gift from Trog
 29673 | Spider:2 | You fall into a shaft and drop 1 floor!
 29676 | Spider:3 | Noticed Bai Suzhen
 30012 | Spider:3 | Identified the +10 flail of Erghy {venom, rElec Will-
                  | Str+7}
 30029 | Spider:3 | Received a gift from Trog
 30406 | Spider:2 | Reached XP level 17. HP: 158/165 MP: 0/16
 30429 | Spider:2 | HP: 4/165 [jumping spider[a broodmother] (12)]
 30430 | Spider:2 | Slain by a redback

Illustrated notes

Levels and vault maps discovered:
D:1:      dpeg_arrival_arbitrary_b, layout_rooms,
          hellmonk_ecumenical_altar_inner_sanctum, fountainhead
D:2:      layout_rooms, uniq_sigmund, uniq_robin
D:3:      layout_loops_cross, nicolae_hepliaklqana_hazy_memory,
          nicolae_shop_vocational
D:4:      layout_loops_ring, jmf_multi_god_temple2, elyvilon_altar_4,
          minmay_temple_entry_overgrown
D:5:      layout_gridville, uniq_edmund
D:6:      layout_gridville, zin_academy, serial_shops, shop, uniq_pikel
D:7:      layout_loops_cross, serial_shops, shop, kennysheep_doodads,
          nrook_loot_triangle, minmay_misc_feat_roman, nicolae_grassy_gnolls,
          uniq_duvessa
D:8:      layout_basic, mrwooster_statue_mirror, uniq_psyche, uniq_gastronok,
          uniq_maurice, uniq_amaemon, uniq_joseph
D:9:      layout_layer_cave, lair_entry_dummy, serial_bayou,
          serial_bayou_shore_a, serial_bayou_pond_b, serial_bayou_lake_a,
          serial_bayou_lagoon_b
D:10:     layout_basic, serial_shops, shop, nicolae_shop_gaudy_bauble, shop,
          shop, nicolae_shop_dealshenge, uniq_grum, uniq_erica
D:11:     layout_cave_pools, serial_shops, shop, shop
D:12:     regret_index_wax_grids, layout_long_grid, hiddenorc2_lemuel,
          uniq_erolcha
D:13:     gammafunk_sealed_library, layout_rooms,
          lightli_vaults_fourway_checkpoint, enter_trove_6
D:14:     layout_roguey, serial_park_square2
D:15:     gammafunk_depths_entry_grave, layout_long_grid, special_room
          [special_room_orc], chequers_decorated_corner
Lair:1:   lemuel_reptile_caves, layout_cave_pods, st_stairs_10,
          cheibrodos_lair_caveside_slide, grunt_megastairs_5, lemuel_fruit_tree,
          infiniplex_staircase_pool
Lair:2:   layout_small_grid, elwin_shoals_entry_rocks, gauntlet_entry_generic
Lair:3:   layout_concentric_octagons, dummy_spider_entry, basic_altar,
          disabler_island
Lair:4:   layout_cave_pods, nicolae_slime_entry_field_trip,
          nicolae_lair_grazing_beasts [nicolae_sub_lair_graze_edge,
          nicolae_sub_lair_graze_edge, nicolae_sub_lair_graze_edge,
          nicolae_sub_lair_graze_edge]
Lair:5:   minmay_lair_end_enchanted_forest, layout_hall_layers, minivault_19,
          chequers_serial_rivers_large_b
Shoals:1: layout_shoals
Spider:1: layout_chambers
Spider:2: layout_spider_delve, nicolae_spider_wall_of_niches
Spider:3: layout_spider_delve, drop_trap, nicolae_spider_stair_cavern,
          uniq_mlioglotl, uniq_louise, uniq_bai_suzhen
Slime:1:  layout_caves
Orc:1:    layout_diamond_mine, gammafunk_ghost_abyssal_escape
Orc:2:    grunt_orc_cross, layout_diamond_mine, serial_shops, shop

Skill      XL: |  1  2  3  4  5  6  7  8  9 10 11 12 13 14 15 16 |
---------------+-------------------------------------------------+-----
Axes           | 4 6 7 8 11 13 15 17 20 21 22 23 | 23.3
Fighting       | 4 5 6 7 9 10 11 12 15 16 18 | 18.2
Dodging        | 4 5 6 |  6.5
Armour         | 3 4 5 6 8 9 10 12 14 15 | 15.7
Shields        | 2 3 4 5 8 12 | 12.1
Stealth        | 1 2 |  2.1
Evocations     | 3 5 6 |  6.6
Maces & Flails | |  0.7
Unarmed Combat | |  0.1

Action                     |  1- 3 |  4- 6 |  7- 9 | 10-12 | 13-15 | 16-18 || total
---------------------------+-------+-------+-------+-------+-------+-------++-------
  Melee: Hand axe          |    78 |   103 |    62 |       |       |       ||   243
         Headbutt          |    11 |    26 |    47 |   125 |   288 |   136 ||   633
         War axe           |       |       |   169 |   221 |   601 |       ||   991
         Battleaxe         |       |       |       |   339 |   524 |       ||   863
         Unarmed           |       |       |       |     4 |       |       ||     4
         Demon whip        |       |       |       |       |     6 |       ||     6
         Broad axe         |       |       |       |       |    66 |   514 ||   580
 Invoke: Berserk           |     2 |       |     2 |     8 |    13 |     3 ||    28
         Trog's Hand       |     1 |       |     1 |     3 |     3 |     7 ||    15
         Brothers in Arms  |       |       |       |     4 |     3 |     7 ||    14
    Use: Potion            |       |       |       |     1 |     6 |     6 ||    13
         Scroll            |       |       |       |       |    23 |    12 ||    35
 Armour: Animal skin       |    13 |       |       |       |       |       ||    13
         Scale mail        |       |    29 |    21 |       |       |       ||    50
         Chain mail        |       |       |    44 |   180 |    18 |       ||   242
         Plate armour      |       |       |       |       |   391 |   360 ||   751
  Dodge: Dodged            |    42 |    58 |   149 |   370 |   915 |   442 ||  1976
         Repelled          |       |       |       |       |     5 |     2 ||     7
  Block: Buckler           |       |    10 |    39 |    41 |       |       ||    90
         Kite shield       |       |       |       |       |   374 |   453 ||   827

Table legend: (Time is in decaauts)
 A = Elapsed time spent in this place.
 B = Non-inter-level travel time spent in this place.
 C = Inter-level travel time spent in this place.
 D = Time resting spent in this place.
 E = Time spent auto-exploring this place.
 F = Levels seen in this place.
 G = Mean time per level.
                   A        B        C        D        E       F      G
               +--------+--------+--------+--------+--------+-----+--------+
         Total |  30395 |  28408 |   1987 |   5019 |  17072 |  28 | 1085.5 |
       Dungeon |  16707 |  15517 |   1190 |   2216 |  10092 |  15 | 1113.8 |
          Lair |   7916 |   7334 |    582 |   1557 |   4599 |   5 | 1583.2 |
        Shoals |     49 |     49 |      0 |      0 |      0 |   1 |   49.0 |
   Spider Nest |   2886 |   2883 |      3 |    665 |   1233 |   3 |  962.0 |
    Slime Pits |      1 |      1 |      0 |      0 |      0 |   1 |    1.0 |
  Orcish Mines |   2085 |   1875 |    210 |    216 |   1124 |   2 | 1042.5 |
      Gauntlet |    748 |    748 |      0 |    363 |     23 |   1 |  748.0 |
               +--------+--------+--------+--------+--------+-----+--------+

Top non-repeatable levels by time:
    D:12: 2310 daAuts
  Lair:4: 1822 daAuts
  Lair:2: 1737 daAuts
Spider:1: 1701 daAuts
     D:9: 1577 daAuts
  Lair:5: 1553 daAuts
  Lair:1: 1482 daAuts
   Orc:2: 1476 daAuts
    D:14: 1413 daAuts
  Lair:3: 1320 daAuts
     D:8: 1290 daAuts
    D:11: 1226 daAuts
    D:10: 1223 daAuts
    D:15: 1119 daAuts
    D:13: 1117 daAuts
